General information
- name: BNet
- type: Ladder team game (AT/RT)
- host: Battle.net
- saver: Griefer
map: Highperch
- players: 6
- length: 36:32
- speed: Fast
- version: 1.26 W3XP
- replay type: Public
» download(232 KB)
Players
team 1 (loser)

»
rock16 (
blue | 78 APM | 2849 actions | 36:30)
10 Tauren Chieftain
3 Shockwave
3 Endurance Aura
1 Reincarnation
3 War Stomp
» actions
| Assign group hotkey | 53 | |
| Basic commands | 427 | |
| Build / train | 88 | |
| ESC pressed | 2 | |
| Enter build submenu | 19 | |
| Enter hero's abilities submenu | 10 | |
| Right click | 893 | |
| Select / deselect | 534 | |
| Select group hotkey | 689 | |
| Use ability | 134 | |
2849 total
» units
| Peon | 17 | |
| Grunt | 15 | |
| Troll Headhunter/Berserker | 10 | |
| Demolisher | 11 | |
53 total
» upgrades
| Berserker Strength | 1 | |
| Melee Weapons | 1 | |
| Burning Oil | 1 | |
| Reinforced Defenses | 1 | |
| Spiked Barricades | 1 | |
| Berserker Upgrade | 1 | |
| Ranged Weapons | 2 | |
| Armor | 1 | |
| Troll Regeneration | 1 | |
10 total
» buildings
| Altar of Storms | 1 | |
| Orc Burrow | 6 | |
| Barracks | 2 | |
| Voodoo Lounge | 3 | |
| War Mill | 1 | |
| Great Hall | 1 | |
| Watch Tower | 2 | |
| Stronghold | 1 | |
| Fortress | 1 | |
18 total
» build order
00:07 Altar of Storms
00:11 Orc Burrow
00:38 Barracks
01:26 Orc Burrow
02:05 Voodoo Lounge
02:57 Orc Burrow
04:33 War Mill
05:49 Great Hall
05:50 Watch Tower
06:36 Stronghold
07:40 Orc Burrow
08:44 Barracks
09:23 Voodoo Lounge
09:50 Watch Tower
11:10 Orc Burrow
11:43 Orc Burrow
11:47 Fortress
16:50 Voodoo Lounge
» items
| Lesser Clarity Potion | 4 | |
| Healing Salve | 3 | |
| Potion of Mana | 2 | |
| Potion of Healing | 2 | |
| Orb of Lightning | 1 | |
12 total

»
titi30 (
yellow | 90 APM | 3231 actions | 35:51)
4 Blademaster
2 Wind Walk
2 Critical Strike
6 Shadow Hunter
3 Healing Wave
2 Hex
1 Big Bad Voodoo
» actions
| Assign group hotkey | 37 | |
| Basic commands | 413 | |
| Build / train | 139 | |
| Enter build submenu | 25 | |
| Enter hero's abilities submenu | 10 | |
| Give item / drop item | 3 | |
| Right click | 1027 | |
| Select / deselect | 554 | |
| Select group hotkey | 880 | |
| Use ability | 143 | |
3231 total
» units
| Peon | 21 | |
| Grunt | 3 | |
| Demolisher | 7 | |
| Troll Witch Doctor | 7 | |
| Troll Headhunter/Berserker | 19 | |
| Shaman | 4 | |
| Troll Batrider | 9 | |
70 total
» upgrades
| Armor | 3 | |
| Ranged Weapons | 3 | |
| Troll Regeneration | 1 | |
| Witch Doctor Training | 2 | |
| Berserker Upgrade | 1 | |
| Burning Oil | 1 | |
| Shaman Training | 2 | |
13 total
» buildings
| Orc Burrow | 8 | |
| Altar of Storms | 1 | |
| Voodoo Lounge | 1 | |
| War Mill | 1 | |
| Barracks | 2 | |
| Great Hall | 1 | |
| Watch Tower | 6 | |
| Stronghold | 1 | |
| Fortress | 2 | |
| Spirit Lodge | 1 | |
| Beastiary | 2 | |
26 total
» build order
00:23 Orc Burrow
00:38 Altar of Storms
00:52 Voodoo Lounge
01:16 War Mill
01:45 Orc Burrow
02:04 Barracks
04:19 Orc Burrow
05:05 Great Hall
05:08 Watch Tower
05:12 Watch Tower
05:23 Watch Tower
06:16 Watch Tower
06:19 Watch Tower
06:24 Stronghold
06:42 Orc Burrow
06:56 Watch Tower
08:52 Fortress
08:53 Fortress
08:59 Spirit Lodge
09:09 Barracks
09:32 Orc Burrow
12:09 Orc Burrow
13:08 Orc Burrow
16:50 Orc Burrow
20:42 Beastiary
20:45 Beastiary
» items
| Scroll of Speed | 5 | |
| Healing Salve | 2 | |
| Lesser Clarity Potion | 5 | |
| Orb of Lightning | 1 | |
13 total
Mr.Gainz (
red | 50 APM | 1787 actions | 35:46)
3 Keeper of the Grove
2 Force of Nature
1 Thorns Aura
» actions
| Basic commands | 222 | |
| Build / train | 103 | |
| Enter build submenu | 18 | |
| Enter hero's abilities submenu | 3 | |
| Remove unit from queue | 1 | |
| Right click | 849 | |
| Select / deselect | 508 | |
| Use ability | 83 | |
1787 total
» units
| Wisp | 14 | |
| Huntress | 8 | |
| Glaive Thrower | 5 | |
| Archer | 25 | |
| Hippogryph | 34 | |
86 total
» upgrades
| Strength of the Moon | 3 | |
| Moon Armor | 3 | |
| Vorpal Blades | 1 | |
| Hippogryph Taming | 1 | |
| Marksmanship | 1 | |
| Well Spring | 1 | |
10 total
» buildings
| Moon Well | 7 | |
| Altar of Elders | 1 | |
| Ancient of War | 2 | |
| Hunter's Hall | 1 | |
| Ancient of Wonders | 1 | |
| Tree of Ages | 1 | |
| Ancient of Wind | 1 | |
| Tree of Eternity | 1 | |
| Ancient Protector | 2 | |
17 total
» build order
00:21 Moon Well
00:37 Altar of Elders
00:50 Ancient of War
01:59 Hunter's Hall
02:12 Moon Well
02:25 Moon Well
02:30 Ancient of Wonders
02:52 Ancient of War
04:10 Moon Well
05:11 Tree of Ages
05:50 Moon Well
07:55 Ancient of Wind
09:03 Moon Well
09:53 Moon Well
11:00 Tree of Eternity
11:57 Ancient Protector
12:03 Ancient Protector
team 2 (winner)
benderre (
green | 36 APM | 1304 actions | 36:31)
7 Dark Ranger
3 Black Arrow
3 Silence
1 Charm
4 Death Knight
2 Death Coil
2 Unholy Aura
» actions
| Build / train | 74 | |
| Enter build submenu | 18 | |
| Enter hero's abilities submenu | 11 | |
| Give item / drop item | 3 | |
| Remove unit from queue | 2 | |
| Right click | 791 | |
| Select / deselect | 340 | |
| Use ability | 65 | |
1304 total
» units
| Acolyte | 7 | |
| Ghoul | 4 | |
| Crypt Fiend | 17 | |
| Obsidian Statue | 4 | |
| Frost Wyrm | 9 | |
41 total
» upgrades
| Creature Attack | 3 | |
| Creature Carapace | 3 | |
| Web | 1 | |
| Destroyer Form | 1 | |
8 total
» buildings
| Crypt | 1 | |
| Graveyard | 1 | |
| Ziggurat | 9 | |
| Altar of Darkness | 1 | |
| Nerubian Tower | 2 | |
| Tomb of Relics | 1 | |
| Halls of the Dead | 1 | |
| Black Citadel | 1 | |
| Slaughterhouse | 1 | |
| Sacrificial Pit | 1 | |
| Boneyard | 2 | |
21 total
» build order
00:19 Crypt
00:41 Graveyard
00:47 Ziggurat
01:03 Altar of Darkness
01:50 Ziggurat
02:46 Nerubian Tower
03:03 Tomb of Relics
04:14 Halls of the Dead
05:38 Ziggurat
08:27 Ziggurat
08:30 Ziggurat
08:59 Black Citadel
09:10 Slaughterhouse
10:00 Nerubian Tower
10:04 Ziggurat
10:37 Sacrificial Pit
10:42 Ziggurat
11:27 Boneyard
13:08 Boneyard
13:24 Ziggurat
20:03 Ziggurat
» items
| Scroll of Regeneration | 2 | |
| Potion of Healing | 1 | |
| Potion of Mana | 1 | |
| Staff of Sanctuary | 1 | |
| Scroll of Town Portal | 1 | |
6 total
Griefer (
pink | 63 APM | 2291 actions | 36:32)
4 Archmage
2 Blizzard
2 Brilliance Aura
4 Blood Mage
2 Flame Strike
2 Siphon Mana
» actions
| Assign group hotkey | 8 | |
| Basic commands | 48 | |
| Build / train | 108 | |
| ESC pressed | 8 | |
| Enter build submenu | 78 | |
| Enter hero's abilities submenu | 8 | |
| Remove unit from queue | 3 | |
| Right click | 631 | |
| Select / deselect | 363 | |
| Select group hotkey | 792 | |
| Use ability | 244 | |
2291 total
» units
| Peasant | 15 | |
| Sorceress | 1 | |
| Priest | 1 | |
| Dragonhawk Rider | 15 | |
32 total
» upgrades
| Masonry | 3 | |
| Sorceress Training | 1 | |
| Magic Sentry | 1 | |
| Lumber Harvesting | 2 | |
7 total
» buildings
| Altar of Kings | 1 | |
| Farm | 5 | |
| Lumber Mill | 1 | |
| Keep | 1 | |
| Scout Tower | 113 | |
| Guard Tower | 50 | |
| Arcane Vault | 2 | |
| Arcane Sanctum | 1 | |
| Town Hall | 1 | |
| Gryphon Aviary | 1 | |
| Castle | 1 | |
| Arcane Tower | 1 | |
178 total
» build order
00:07 Altar of Kings
00:19 Farm
00:36 Farm
01:55 Lumber Mill
03:08 Keep
03:30 Scout Tower
03:30 Scout Tower
03:54 Scout Tower
03:55 Scout Tower
03:56 Scout Tower
03:57 Scout Tower
04:00 Scout Tower
04:01 Scout Tower
04:08 Farm
04:13 Guard Tower
04:16 Scout Tower
04:17 Scout Tower
04:20 Scout Tower
04:23 Scout Tower
04:25 Guard Tower
05:07 Scout Tower
05:11 Arcane Vault
05:13 Arcane Vault
05:18 Scout Tower
05:21 Scout Tower
05:22 Guard Tower
05:31 Arcane Sanctum
05:40 Guard Tower
05:52 Scout Tower
05:55 Scout Tower
06:00 Scout Tower
06:24 Scout Tower
06:38 Scout Tower
06:41 Guard Tower
07:07 Guard Tower
07:11 Scout Tower
07:19 Scout Tower
07:20 Scout Tower
07:40 Scout Tower
07:47 Scout Tower
07:48 Guard Tower
08:22 Scout Tower
08:31 Farm
08:35 Scout Tower
08:36 Scout Tower
08:58 Town Hall
09:24 Scout Tower
09:28 Farm
09:34 Scout Tower
09:54 Guard Tower
10:00 Guard Tower
10:03 Scout Tower
10:20 Guard Tower
10:23 Guard Tower
10:27 Scout Tower
10:32 Scout Tower
10:45 Gryphon Aviary
11:16 Scout Tower
11:18 Scout Tower
11:54 Guard Tower
12:01 Scout Tower
12:37 Scout Tower
12:38 Scout Tower
12:44 Guard Tower
12:46 Castle
12:56 Scout Tower
12:57 Scout Tower
13:00 Guard Tower
13:22 Guard Tower
13:24 Scout Tower
13:24 Scout Tower
13:25 Scout Tower
13:27 Scout Tower
14:28 Scout Tower
14:29 Scout Tower
14:30 Guard Tower
14:42 Guard Tower
14:46 Scout Tower
14:47 Scout Tower
15:10 Guard Tower
16:05 Guard Tower
16:08 Scout Tower
16:09 Scout Tower
16:29 Guard Tower
17:43 Guard Tower
18:07 Scout Tower
18:08 Scout Tower
18:51 Scout Tower
18:52 Scout Tower
18:53 Scout Tower
18:54 Scout Tower
18:55 Scout Tower
18:55 Scout Tower
19:03 Scout Tower
19:03 Scout Tower
19:04 Scout Tower
19:05 Scout Tower
19:31 Guard Tower
19:47 Guard Tower
20:07 Guard Tower
20:26 Guard Tower
21:24 Scout Tower
21:25 Scout Tower
21:25 Scout Tower
21:28 Guard Tower
21:56 Guard Tower
21:59 Scout Tower
22:00 Scout Tower
22:01 Scout Tower
22:03 Scout Tower
22:13 Guard Tower
22:41 Guard Tower
23:11 Scout Tower
23:11 Scout Tower
23:13 Scout Tower
23:16 Scout Tower
23:17 Scout Tower
23:44 Guard Tower
25:05 Guard Tower
25:59 Scout Tower
26:00 Scout Tower
26:00 Scout Tower
26:01 Scout Tower
26:02 Scout Tower
26:02 Scout Tower
26:27 Scout Tower
26:28 Scout Tower
26:29 Scout Tower
26:29 Scout Tower
26:30 Scout Tower
26:31 Scout Tower
26:33 Guard Tower
26:35 Scout Tower
26:37 Scout Tower
26:38 Scout Tower
26:49 Guard Tower
27:08 Guard Tower
27:14 Guard Tower
27:22 Guard Tower
27:32 Scout Tower
27:33 Scout Tower
27:34 Scout Tower
27:37 Guard Tower
27:40 Scout Tower
27:41 Scout Tower
27:41 Scout Tower
27:43 Guard Tower
28:05 Guard Tower
28:39 Guard Tower
28:41 Scout Tower
28:43 Scout Tower
28:59 Guard Tower
29:28 Guard Tower
29:30 Scout Tower
31:52 Scout Tower
31:54 Scout Tower
31:55 Scout Tower
31:58 Scout Tower
31:59 Scout Tower
32:02 Scout Tower
32:02 Scout Tower
32:03 Scout Tower
32:05 Scout Tower
32:06 Scout Tower
32:06 Scout Tower
32:08 Guard Tower
32:42 Guard Tower
32:43 Arcane Tower
32:50 Guard Tower
32:54 Scout Tower
32:55 Scout Tower
33:02 Guard Tower
33:47 Guard Tower
33:50 Scout Tower
33:53 Scout Tower
33:55 Guard Tower
34:16 Guard Tower
34:20 Guard Tower
» items

»
conanlana (
orange | 80 APM | 2928 actions | 36:31)
6 Priestess of the Moon
2 Scout
3 Trueshot Aura
1 Starfall
2 Keeper of the Grove
1 Entangling Roots
1 Force of Nature
» actions
| Assign group hotkey | 41 | |
| Basic commands | 551 | |
| Build / train | 86 | |
| ESC pressed | 5 | |
| Enter build submenu | 19 | |
| Enter hero's abilities submenu | 8 | |
| Right click | 821 | |
| Select / deselect | 605 | |
| Select group hotkey | 732 | |
| Use ability | 60 | |
2928 total
» units
| Wisp | 14 | |
| Archer | 14 | |
| Huntress | 2 | |
| Druid of the Talon | 2 | |
| Faerie Dragon | 1 | |
| Druid of the Claw | 4 | |
| Dryad | 12 | |
| Chimaera | 10 | |
| Hippogryph | 2 | |
| Mountain Giant | 1 | |
62 total
» upgrades
| Moon Armor | 1 | |
| Improved Bows | 1 | |
| Druid of the Claw Training | 2 | |
| Abolish Magic | 1 | |
| Corrosive Breath | 1 | |
| Nature's Blessing | 1 | |
7 total
» buildings
| Moon Well | 7 | |
| Altar of Elders | 1 | |
| Ancient of War | 3 | |
| Ancient of Wonders | 1 | |
| Hunter's Hall | 1 | |
| Tree of Ages | 1 | |
| Tree of Eternity | 1 | |
| Ancient of Wind | 1 | |
| Ancient of Lore | 2 | |
| Chimaera Roost | 2 | |
20 total
» build order
00:33 Moon Well
00:35 Moon Well
00:46 Altar of Elders
01:12 Ancient of War
01:22 Ancient of Wonders
01:48 Moon Well
02:25 Ancient of War
02:28 Ancient of War
02:51 Hunter's Hall
05:09 Tree of Ages
05:12 Moon Well
06:26 Moon Well
07:46 Tree of Eternity
07:49 Ancient of Wind
07:55 Ancient of Lore
08:37 Ancient of Lore
08:44 Moon Well
10:19 Chimaera Roost
10:29 Chimaera Roost
14:01 Moon Well
» items
| Anti-magic Potion | 1 | |
| Potion of Healing | 2 | |
| Scroll of Healing | 1 | |
4 total
Chat log
(00:10 / Allies) benderre: hi
(00:22 / Allies) Griefer: hola de flan
(05:47 / Allies) Griefer: harass expos
(07:26 / Allies) benderre: b
(07:32 / Allies) Griefer: stay by towers
(08:28 / All) Mr.Gainz: pink is a good guy
(08:38 / All) rock16: pink fuck ur mother u piece of shit
(08:43 / All) Griefer: reported
(08:44 / All) Mr.Gainz: lol!!
(09:04 / All) rock16: report ur grandma for having a piece of shit descendent like u
(09:59 / All) Griefer: i wonder whats for dinner
(10:07 / All) rock16: ur head on a steake
(10:09 / All) rock16: stake
(10:14 / All) Mr.Gainz: i just had chicken yogurt and a bar
(10:16 / All) rock16: arab style
(10:19 / All) Mr.Gainz: gainz
(13:03 / Allies) Griefer: LUMBZ
(13:29 / Allies) Griefer: LUMBZ
(15:23 / Allies) Griefer: LUMBZZZZ
(19:22 / All) Griefer: my bois
(19:24 / All) Griefer: whats slappin
(21:29 / Allies) benderre: b
(22:47 / Allies) conanlana: money plz
(23:46 / Allies) conanlana: bacvk
(23:47 / All) Griefer: my bois
(23:50 / All) Griefer: slap yoself some fat
(24:15 / All) Griefer: WELCOME MY BOIS
(24:46 / All) Griefer: WELL DONE MY BOIS
(25:42 / Allies) Griefer: coil the tc
(26:35 / Allies) conanlana: moneyㅔㅣㅋ
(26:37 / Allies) conanlana: ㅔㅣㅋ
(26:39 / Allies) conanlana: plz
(31:19 / Allies) conanlana: money [lz
(31:21 / Allies) conanlana: plz
(32:07 / All) rock16: FYCIGHELP
(32:18 / All) Griefer: figgy pudding
(32:47 / Allies) Griefer: LUMBZ
(33:00 / Allies) conanlana: back
(33:07 / All) Griefer: figgy pudding
(33:42 / All) Griefer: WELL DONE MY BOIS
(34:21 / Allies) conanlana: money plz
(34:28 / Allies) Griefer: dont waste
(35:37 / All) Mr.Gainz: that was a good game though
(36:09 / All) rock16: FUCKING PIECE OF SHIT
(36:13 / All) rock16: IM GONNAK ILL UR FAMILY U FUCKEHAD
(36:15 / All) Griefer: sounds like we got a mad
(36:16 / All) rock16: PINK PIECE OF SHIT
(36:22 / All) rock16: UR FAMILY IS DEAD
(36:26 / All) rock16: FUCKING EXECUTED
(36:28 / All) Griefer: thats a bit much man